 Dungeon Crawl Stone Soup version 0.30-a0-881-g1ff12e1e11 (webtiles) character file.

Game seed: 14399705838812429035

12 Ast3rio the Chopper (level 2, 0/1 (25) HPs)
             Began as a Hill Orc Reaver on Mar 14, 2023.
             Slain by a ball python (1 damage)
             ... on level 1 of the Dungeon.
             The game lasted 00:01:31 (415 turns).

Ast3rio the Chopper (Hill Orc Reaver)                Turns: 415, Time: 00:01:31

HP:   0/1 (25)      AC:  3    Str: 14    XL:     2   Next: 33%
MP:   2/4           EV: 11    Int: 13    God:
Gold: 19            SH:  0    Dex:  9    Spells: 3/4 levels left

rFire   . . .      SeeInvis .    a - +0 hand axe
rCold   . . .      Faith    .    (no shield)
rNeg    . . .      Spirit   .    b - +0 leather armour
rPois   .          Reflect  .    (no helmet)
rElec   .          Rampage  .    (no cloak)
rCorr   .                        (no gloves)
Will    .....                    (no boots)
Stlth   +                        (no amulet)
HPRegen 0.20/turn                (no ring)
MPRegen 0.09/turn                (no ring)

@: extremely drained
A: no striking features
a: no special abilities


You were on level 1 of the Dungeon.
You visited 1 branch of the dungeon, and saw 1 of its levels.

You collected 19 gold pieces.

Inventory:

Hand Weapons
 a - a +0 hand axe (weapon)
 c - a +1 short sword of speed
Armour
 b - a +0 leather armour (worn)
Jewellery
 g - a ring of protection from fire
Scrolls
 d - a scroll of noise {unknown}
 e - a scroll of immolation {unknown}
 j - a scroll of torment {unknown}
Potions
 f - a potion of brilliance {unknown}
 h - a potion of berserk rage {unknown}
 i - a potion of flight {unknown}
 k - a potion of attraction {unknown}


   Skills:
 + Level 2.5 Fighting
 + Level 4.3 Axes
 + Level 0.2 Armour
 + Level 1.5 Dodging
 + Level 1.6 Spellcasting
 + Level 3.3 Conjurations


You had 3 spell levels left.
You knew the following spells:

 Your Spells              Type           Power      Damage    Failure   Level
a - Kiss of Death         Conj/Necr      20%        2d7       17%         1

Your spell library contained the following spells:

 Spells                   Type           Power      Damage    Failure   Level
 Momentum Strike          Conj/Tloc      10%        3d8       26%         2
 Hailstorm                Conj/Ice       5%         3d4       45%         3


Dungeon Overview and Level Annotations

Branches:
Dungeon (1/15)

Altars:


Message History

You hit the bush but do no damage. x2
The giant cockroach bites you but does no damage.
A giant cockroach is nearby!
You hit the giant cockroach.
You kill the giant cockroach!
You hit the bush but do no damage. x2
A rat comes into view.
The rat closely misses you.
You hit the rat.
You kill the rat!
No target in view!
A ball python comes into view.
The ball python hisses angrily.
You hear an angry hiss.
A ball python is nearby!
A ball python is nearby!
A ball python is nearby!
Casting: Kiss of Death (safe; 17% risk of failure)
Confirm with . or Enter, or press ? or * to list all spells.
Aiming: Kiss of Death (safe; 17% risk of failure)
Press: ? - help, Shift-Dir - straight line, f - ball python
Aim: a ball python (100% to hit)
The negative energy hits the ball python!
The ball python is drained!
You kill the ball python!
You feel drained.
A ball python comes into view.
The ball python hisses angrily.
Casting: Kiss of Death (safe; 17% risk of failure)
Confirm with . or Enter, or press ? or * to list all spells.
Aiming: Kiss of Death (safe; 17% risk of failure)
Press: ? - help, Shift-Dir - straight line, f - ball python
Aim: a ball python (100% to hit)
The negative energy hits the ball python!
The ball python is drained!
You kill the ball python!
You feel drained.
A ball python comes into view.
The ball python bites you.
Ouch! That really hurt!
You die...

..
####♣♣.PP.P♣P♣........ #
♣..♣P♣.♣♣......... ##
♣♣[♣♣.P.♣......(.. ..
#♣♣.♣.♣#......... .##
♣.♣♣##......... ..
#.............. #.
#..............
#.####S####.............
#......@..........######
#####.############# ..
#. .. ## .## .....#


You could see a ball python.

Vanquished Creatures
  An endoplasm (D:1)
  2 giant cockroaches (D:1)
  A goblin (D:1)
  2 hobgoblins (D:1)
  3 ball pythons (D:1)
  A kobold (D:1)
  2 rats (D:1)
12 creatures vanquished.

Vanquished Creatures (others)
  2 plants (D:1)
2 creatures vanquished.

Grand Total: 14 creatures vanquished

Notes
Turn   | Place    | Note
-------+----------+-------------------------------------------
     0 | D:1      | Ast3rio the Hill Orc Reaver began the quest for the Orb.
     0 | D:1      | Reached XP level 1. HP: 18/18 MP: 3/3
   260 | D:1      | Reached XP level 2. HP: 8/8 MP: 2/4
   415 | D:1      | Slain by a ball python

Illustrated notes

Levels and vault maps discovered:
D:1:      heliophobic_arrival_enchanted_forest, layout_basic, serial_forest,
          infiniplex_forest_3_way, infiniplex_forest_lined_room_2,
          infiniplex_forest_lined_room_2, infiniplex_forest_clump_medium,
          infiniplex_forest_clump_long, infiniplex_forest_lined_2,
          infiniplex_forest_3_way, infiniplex_forest_straight_5,
          nicolae_grassy_gnolls

Action                     || total
---------------------------++-------
  Melee: Hand axe          ||    16
   Cast: Kiss of Death     ||     8
 Armour: Leather armour    ||     6
  Dodge: Dodged            ||     8

Table legend: (Time is in decaauts)
 A = Elapsed time spent in this place.
 B = Non-inter-level travel time spent in this place.
 C = Inter-level travel time spent in this place.
 D = Time resting spent in this place.
 E = Time spent auto-exploring this place.
 F = Levels seen in this place.
 G = Mean time per level.
                   A        B        C        D        E       F      G
               +--------+--------+--------+--------+--------+-----+--------+
         Total |    416 |    416 |      0 |      0 |    330 |   1 |  416.0 |
       Dungeon |    416 |    416 |      0 |      0 |    330 |   1 |  416.0 |
               +--------+--------+--------+--------+--------+-----+--------+

Top non-repeatable levels by time:
     D:1: 416 daAuts
